 Dungeon Crawl Stone Soup version 0.28-a0-43-g560ac104fe (webtiles) character file.

Game seed: 18086907523857046278

43470 siradein the Geomancer (level 14, -3/75 HPs)
             Began as a Gargoyle Earth Elementalist on July 23, 2021.
             Was a High Priest of Kikubaaqudgha.
             Slain by a black mamba (10 damage)
             ... on level 5 of the Lair of Beasts on July 28, 2021.
             The game lasted 01:06:30 (17215 turns).

siradein the Geomancer (GrEE)                      Turns: 17215, Time: 01:06:30

Health: -3/75      AC: 20    Str: 13    XL:     14   Next: 24%
Magic:  24/29      EV: 10    Int: 20    God:    Kikubaaqudgha [*****.]
Gold:   968        SH:  3    Dex: 10    Spells: 2/36 levels left

rFire   + . .      SeeInvis .   p - +0 staff of Battle
rCold   . . .      Faith    .   D - +0 buckler
rNeg    + . .      Spirit   .   I - +0 troll leather armour
rPois   ∞          Reflect  .   M - +0 helmet
rElec   +          Harm     .   H - +0 cloak
rCorr   .          Rampage  .   z - +0 pair of gloves
Will    +....                   m - +2 pair of boots
Stlth   ++........              E - amulet of magic regeneration
HPRegen 1.22/turn               e - ring of wizardry
MPRegen 0.46/turn               y - ring of protection from fire

@: flying
A: sickness immunity, AC +10, big wings, negative energy resistance 1,
electricity resistance, torment resistance 1, petrification resistance
a: Renounce Religion, Receive Corpses, Torment


You were on level 5 of the Lair of Beasts.
You worshipped Kikubaaqudgha.
Kikubaaqudgha was extremely pleased with you.
You visited 3 branches of the dungeon, and saw 18 of its levels.

You collected 968 gold pieces.

Inventory:

Hand Weapons
 p - the +0 staff of Battle (weapon)
   (You found it on level 4 of the Dungeon)

   It enhances your conjuration magic.
   It summons a battlesphere in combat, with strength depending on Conjurations
   skill.
Missiles
 c - 438 stones
 f - 2 throwing nets
 S - 2 curare-tipped darts
Armour
 m - a +2 pair of boots (worn)
 z - a +0 pair of gloves (worn)
 C - +0 acid dragon scales
 D - a +0 buckler (worn)
 H - a +0 cloak (worn)
 I - a +0 troll leather armour (worn)
 M - a +0 helmet (worn)
Magical Staves
 J - a staff of death
Jewellery
 d - an amulet of regeneration
 e - a ring of wizardry (left hand)
 y - a ring of protection from fire (right hand)
 E - an amulet of magic regeneration (around neck)
 F - a ring of ice
 K - a ring of willpower
Wands
 b - a wand of mindburst (18)
 q - a wand of flame (31)
 s - a wand of iceblast (18)
 w - a wand of polymorph (31)
 A - a wand of acid (12)
 O - a wand of digging (6)
Scrolls
 h - a scroll of holy word {unknown}
 j - 4 scrolls of teleportation
 l - 3 scrolls of enchant armour {unknown}
 n - 3 scrolls of vulnerability {unknown}
 r - 2 scrolls of immolation
 t - a scroll of enchant weapon {unknown}
 v - 3 scrolls of magic mapping
 P - 2 scrolls of amnesia
 Q - a scroll of brand weapon {unknown}
 R - a scroll of fear {unknown}
 U - 2 scrolls of fog {unknown}
 V - a scroll of acquirement {unknown}
Potions
 a - 3 potions of berserk rage
 g - a potion of flight
 i - 2 potions of resistance
 k - 3 potions of curing
 o - 4 potions of lignification
 u - a potion of might
 x - 2 potions of heal wounds
 B - 2 potions of brilliance
 G - 2 potions of mutation
 L - a potion of cancellation {unknown}
 N - 4 potions of magic {unknown}
 T - a potion of haste {unknown}


   Skills:
 + Level 3.9 Fighting
 - Level 1.5 Dodging
 - Level 2.1 Stealth
 + Level 11.6 Spellcasting
 + Level 12.5 Conjurations
 + Level 10.0 Necromancy
 - Level 0.7 Transmutations
 + Level 14.7 Earth Magic


You had 2 spell levels left.
You knew the following spells:

 Your Spells              Type           Power      Damage    Failure   Level
a - Sandblast             Erth           100%       2d20      1%          1
b - Passwall              Tmut/Erth      35%        N/A       1%          2
c - Stone Arrow           Conj/Erth      100%       3d13      1%          3
d - Pain                  Necr           100%       1d9       1%          1
e - Corpse Rot            Necr/Air       N/A        N/A       1%          2
f - Vampiric Draining     Necr           25%        2d9       1%          3
g - Foxfire               Conj/Fire      100%       2x1d9     1%          1
h - Animate Dead          Necr           25%        N/A       1%          4
i - Dispel Undead         Necr           51%        3d19      1%          4
j - Death Channel         Necr           25%        N/A       13%         6
k - Static Discharge      Conj/Air       53%        N/A       1%          2
l - Agony                 Necr           51%        N/A       2%          5

Your spell library contained the following spells:

 Spells                   Type           Power      Damage    Failure   Level
 Animate Skeleton         Necr           100%       N/A       1%          1
 Corona                   Hex            12%        N/A       5%          1
 Ensorcelled Hibernation  Hex/Ice        22%        N/A       8%          2
 Slow                     Hex            11%        N/A       8%          2
 Conjure Flame            Conj/Fire      53%        6-21      1%          3
 Petrify                  Tmut/Erth      42%        N/A       2%          4
 Excruciating Wounds      Necr           25%        N/A       2%          5
 Sticky Flame             Conj/Fire      53%        2d7       4%          4
 Ignite Poison            Fire/Tmut/Pois 12%        N/A       14%         3
 Confusing Touch          Hex            11%        N/A       16%         3
 Frozen Ramparts          Ice            22%        1d4       16%         3
 Inner Flame              Hex/Fire       11%        N/A       16%         3
 Tukima's Dance           Hex            11%        N/A       16%         3
 Ice Form                 Ice/Tmut       13%        N/A       38%         4
 Summon Ice Beast         Ice/Summ       11%        N/A       43%         4
 Yara's Violent Unravell  Hex/Tmut       6%         3d5       71%         5


Dungeon Overview and Level Annotations

Branches:
Dungeon (11/15)            Temple (1/1) D:7            Lair (6/6) D:8
  Swamp (0/4) Lair:2       Spider (0/4) Lair:4        Slime (0/5) Lair:5
    Orc (0/2) D:11

Altars:
Ashenzari
Cheibriados
Dithmenos
Elyvilon
Fedhas
Gozag
Hepliaklqana
Kikubaaqudgha
Makhleb
Nemelex Xobeh
Okawaru
Qazlal
Ru
Sif Muna
Trog
Uskayaw
Vehumet
Wu Jian
Xom
Yredelemnul
Zin
The Shining One
Jiyva

Shops:
D:2 ?   D:5 *

Annotations:
D:9 2 transporters, ColdPorridge's ghost, novice HuWn
Lair:6 exclusion: oklob plant


Innate Abilities, Weirdness & Mutations

You are immune to sickness and miasma.
Your stone body is resilient. (AC +10)
You are immune to poison.
Your large and strong wings let you fly.
You resist negative energy. (rN+)
You are resistant to electric shocks. (rElec)
You are resistant to unholy torment.
You are immune to petrification.


Message History

The black mamba bites you but does no damage.
The water moccasin bites you!
* * * LOW HITPOINT WARNING * * *
You fly upwards.
Your battlesphere wavers and loses cohesion.
You conjure a globe of magical energy.
There is a stone staircase leading down here.
Aiming: Stone Arrow (safe; 1% risk of failure)
Press: ? - help, Q - select action, (/) - cycle Shift-Dir - straight line, f - black mamba
Aim: a black mamba (63% to hit)
You feel a surge of power!
The stone arrow misses the black mamba.
The stone arrow hits the plant!!
The plant begins to die.
The plant is lightly damaged.
Your battlesphere fires!
The barrage of energy hits the black mamba!
The black mamba is moderately wounded.
The black mamba closely misses you. The black mamba bites you.
* * * LOW HITPOINT WARNING * * *
The water moccasin barely misses you.
The black mamba bites you but does no damage.
The black mamba closely misses you.
Aiming: Stone Arrow (safe; 1% risk of failure)
Press: ? - help, Q - select action, (/) - cycle Shift-Dir - straight line, f/p - black mamba
Aim: a black mamba (moderately wounded, ally target, 63% to hit)
You feel a surge of power!
The stone arrow misses the black mamba.
The stone arrow hits the plant!
The plant is moderately damaged.
Your battlesphere fires!
The barrage of energy hits the black mamba.
The black mamba is heavily wounded.
The water moccasin bites you but does no damage.
The black mamba bites you but does no damage.
The black mamba bites you!
* * * LOW HITPOINT WARNING * * *
The water moccasin closely misses you.
The black mamba bites you but does no damage. x2
The black mamba bites you!
You die...
Kikubaaqudgha rasps: "You have failed me!
Welcome... oblivion!"

........# #.#...#.....##.P.PP....
........# #+.'####..........#....
..P....## #...###P..........P...#
.......# #...P###.....#.........
#P.....# #######.....#.........#
..P....### ###..........##...#
.......#P#### #P##....##...##...#
............###.......#..P.#P....
........<...*..S@...............#
...............>................#
..............S.S......P....P....
.......................#.#...#..#
........##.##.#..P.......##.##..#
.P#......#####....#...P#....#P..#
.P##....#.#.#P........##........P
..##.....##......##...##.....##..
..........#.....##P.......).###.#


You could see 2 black mambas, a water moccasin and a friendly battlesphere.

Vanquished Creatures
  A dire elephant (Lair:3)
  Harold (D:9)
  3 hydras
  Fannar (D:10)
  A two-headed ogre (D:8)
  A boulder beetle (Lair:3)
  A centaur warrior (D:10)
  11 death yaks
  An ugly thing (D:11)
  A cyclops (D:11)
  A manticore (D:11)
  6 black mambas
  12 elephants
  13 cane toads
  2 rime drakes
  8 komodo dragons
  Maggie (D:9)
  3 polar bears
  2 jumping spiders (Lair:4)
  A troll (D:11)
  A tyrant leech (Lair:2)
  13 blink frogs
  A redback (Lair:4)
  A shadow (D:9)
  A spriggan (Lair:3)
  3 wraiths (D:11)
  2 wyverns
  2 basilisks
  Grum (D:10)
  2 steam dragons
  13 yaks
  4 vampire mosquitoes (D:11)
  4 swamp worms (Lair:2)
  An acid dragon (D:9)
  10 water moccasins
  4 orc warriors
  2 sky beasts (D:6)
  4 black bears
  3 ogres
  An ice beast (D:7)
  4 boggarts (D:11)
  A necrophage (D:5)
  19 wolves
  3 centaurs
  A phantom (D:4)
  2 kobold brigands (D:6)
  14 bullfrogs
  2 wyvern zombies (D:6)
  2 gnoll sergeants
  6 scorpions
  6 killer bees (D:8)
  4 wights (D:8)
  A howler monkey (D:6)
  3 centaur zombies
  5 hounds
  A bullfrog zombie (D:7)
  2 jellies
  An orc priest (D:8)
  A gnoll shaman (D:9)
  3 iguanas
  8 orc wizards
  11 hell rats
  A hound skeleton (D:5)
  A howler monkey zombie (D:9)
  11 gnolls
  6 adders
  A white imp (D:7)
  3 ufetubi
  An adder skeleton (D:2)
  2 worms
  2 dart slugs (D:2)
  39 orcs
  7 ball pythons
  4 bats
  8 endoplasms
  5 giant cockroaches
  9 goblins
  7 hobgoblins
  19 kobolds
  6 rats
376 creatures vanquished.

Vanquished Creatures (collateral kills)
  A foxfire (Lair:2)
1 creature vanquished.

Vanquished Creatures (others)
  2 bushes (Lair:6)
  154 foxfires
  113 fungi
  112 plants
381 creatures vanquished.

Grand Total: 758 creatures vanquished

Notes
Turn   | Place    | Note
-------+----------+-------------------------------------------
     0 | D:1      | siradein the Gargoyle Earth Elementalist began the quest
                  | for the Orb.
     0 | D:1      | Reached XP level 1. HP: 10/10 MP: 3/3
   185 | D:1      | Reached skill level 4 in Earth Magic
   185 | D:1      | Reached XP level 2. HP: 15/15 MP: 3/5
   402 | D:1      | Found a faded altar of an unknown god.
   541 | D:2      | Learned a level 2 spell: Passwall
   543 | D:2      | Found Ojuep's Magic Scroll Boutique.
   957 | D:2      | Reached XP level 3. HP: 19/19 MP: 4/6
  1401 | D:2      | Learned a level 3 spell: Stone Arrow
  1574 | D:3      | Reached XP level 4. HP: 23/24 MP: 2/8
  1575 | D:3      | Reached skill level 5 in Earth Magic
  1829 | D:3      | Found an ancient bone altar of Kikubaaqudgha.
  1840 | D:3      | Became a worshipper of Kikubaaqudgha
  2039 | D:3      | Found a shimmering blue altar of Sif Muna.
  2100 | D:3      | Found a white marble altar of Elyvilon.
  2331 | D:4      | Noticed a phantom
  2333 | D:4      | Killed a phantom
  2334 | D:4      | Reached XP level 5. HP: 28/28 MP: 3/10
  2582 | D:4      | Noticed a black bear
  2587 | D:4      | Killed a black bear
  2588 | D:4      | Reached skill level 6 in Earth Magic
  2588 | D:4      | Reached XP level 6. HP: 32/32 MP: 4/12
  2737 | D:4      | Found the +0 staff of Battle
  2901 | D:4      | Reached * piety under Kikubaaqudgha
  2901 | D:4      | Received a gift from Kikubaaqudgha
  2904 | D:4      | Learned a level 1 spell: Pain
  2907 | D:4      | Learned a level 2 spell: Corpse Rot
  2911 | D:4      | Learned a level 3 spell: Vampiric Draining
  3036 | D:4      | Reached skill level 1 in Conjurations
  3249 | D:4      | Reached skill level 1 in Necromancy
  3249 | D:4      | Reached XP level 7. HP: 30/36 MP: 1/14
  3656 | D:5      | Entered Level 5 of the Dungeon
  3727 | D:5      | Noticed a yak
  3728 | D:5      | Noticed a yak
  3729 | D:5      | Noticed a yak
  3730 | D:5      | Killed a yak
  3731 | D:5      | Reached skill level 5 in Spellcasting
  3731 | D:5      | Reached skill level 7 in Earth Magic
  3857 | D:5      | Reached XP level 8. HP: 41/41 MP: 2/15
  4019 | D:5      | Killed a yak
  4020 | D:5      | Noticed a yak
  4021 | D:5      | Killed a yak
  4058 | D:5      | Killed a yak
  4059 | D:5      | Reached skill level 8 in Earth Magic
  4559 | D:5      | Reached ** piety under Kikubaaqudgha
  4698 | D:5      | Found Zin's Purification Station.
  4703 | D:5      | Found a glowing silver altar of Zin.
  4772 | D:5      | Reached XP level 9. HP: 45/45 MP: 14/18
  4922 | D:6      | Reached skill level 5 in Conjurations
  5166 | D:6      | Learned a level 1 spell: Foxfire
  5310 | D:6      | Reached skill level 9 in Earth Magic
  5612 | D:6      | Reached *** piety under Kikubaaqudgha
  5612 | D:6      | Received a gift from Kikubaaqudgha
  5618 | D:6      | Learned a level 4 spell: Animate Dead
  5623 | D:6      | Learned a level 4 spell: Dispel Undead
  5958 | D:7      | Found a burning altar of Makhleb.
  6051 | D:7      | Found an opulent altar of Gozag.
  6133 | D:7      | Found a stormy altar of Qazlal.
  6297 | D:7      | Found a white marble altar of Elyvilon.
  6453 | D:7      | Found a broken altar of Ashenzari.
  6540 | D:7      | Found a staircase to the Ecumenical Temple.
  6549 | Temple   | Entered the Ecumenical Temple
  6834 | D:8      | Reached XP level 10. HP: 50/50 MP: 9/20
  6835 | D:8      | Reached skill level 5 in Necromancy
  7036 | D:8      | Reached skill level 10 in Earth Magic
  7356 | D:8      | Found a staircase to the Lair.
  7359 | D:8      | Noticed a two-headed ogre
  7368 | D:8      | Killed a two-headed ogre
  8069 | D:9      | Noticed a two-headed ogre
  8070 | D:9      | Noticed an orc knight
  8072 | D:9      | Noticed a two-headed ogre
  8084 | D:9      | Noticed a moth of wrath
  8084 | D:9      | Noticed a cyclops
  8086 | D:9      | Noticed Harold
  8088 | D:9      | Noticed Maggie
  8395 | D:9      | Killed Maggie
  8477 | D:9      | Found a transporter.
  8482 | D:9      | Noticed ColdPorridge's ghost (novice HuWn)
  8512 | D:9      | Killed Harold
  8513 | D:9      | Reached skill level 11 in Earth Magic
  8513 | D:9      | Reached XP level 11. HP: 54/54 MP: 15/23
  8515 | D:9      | Found a bloodstained altar of Trog.
  8564 | D:9      | Reached **** piety under Kikubaaqudgha
  8665 | D:9      | Found a transporter.
  8831 | D:9      | Found an iron altar of Okawaru.
  8954 | D:10     | Entered Level 10 of the Dungeon
  8954 | D:10     | Noticed Fannar
  8963 | D:10     | Killed Fannar
  9300 | D:10     | Found a hide-covered altar of Uskayaw.
  9408 | D:10     | Noticed a centaur warrior
  9422 | D:10     | Killed a centaur warrior
  9509 | D:10     | Noticed Grum
  9512 | D:10     | Killed Grum
 10064 | D:10     | Found a shimmering altar of Xom.
 10115 | D:11     | Noticed a cyclops
 10131 | D:11     | Killed a cyclops
 10392 | D:11     | Identified the +10 long sword of the Badger {freeze,
                  | Will+++ Str-5}
 10405 | D:11     | Found a staircase to the Orcish Mines.
 10761 | D:11     | Noticed a green ugly thing
 10765 | D:11     | Killed a green ugly thing
 11219 | D:11     | Noticed a manticore
 11221 | D:11     | Killed a manticore
 11222 | D:11     | Reached skill level 12 in Earth Magic
 11434 | Lair:1   | Entered Level 1 of the Lair of Beasts
 11465 | Lair:1   | Reached ***** piety under Kikubaaqudgha
 11788 | Lair:1   | Reached XP level 12. HP: 59/59 MP: 21/25
 12233 | Lair:1   | Reached skill level 10 in Conjurations
 12253 | Lair:1   | Learned a level 6 spell: Death Channel
 12256 | Lair:1   | Learned a level 2 spell: Static Discharge
 13158 | Lair:2   | Noticed a six-headed hydra
 13167 | Lair:2   | Killed a six-headed hydra
 13168 | Lair:2   | Reached skill level 10 in Spellcasting
 13298 | Lair:2   | Found a staircase to the Swamp.
 13479 | Lair:2   | Reached skill level 13 in Earth Magic
 14115 | Lair:3   | Noticed a boulder beetle
 14126 | Lair:3   | Killed a boulder beetle
 14298 | Lair:3   | Found a shimmering altar of Xom.
 14384 | Lair:3   | Reached XP level 13. HP: 63/63 MP: 15/27
 14607 | Lair:3   | Noticed a dire elephant
 14697 | Lair:3   | Killed a dire elephant
 15016 | Lair:3   | Reached skill level 14 in Earth Magic
 15378 | Lair:3   | Learned a level 5 spell: Agony
 15560 | Lair:4   | Reached skill level 1 in Fighting
 15931 | Lair:4   | Found a hole to the Spider Nest.
 16428 | Lair:5   | Gained mutation: Your large and strong wings let you fly.
                  | [Gargoyle growth]
 16428 | Lair:5   | Reached XP level 14. HP: 72/72 MP: 23/29
 16799 | Lair:5   | Found a viscous altar of Jiyva.
 16803 | Lair:5   | Found a staircase to the Slime Pits.
 17128 | Lair:5   | Upgraded the game from 0.28-a0-8-g6e044cfa68 to
                  | 0.28-a0-43-g560ac104fe
 17152 | Lair:6   | Entered Level 6 of the Lair of Beasts
 17158 | Lair:6   | Reached skill level 10 in Necromancy
 17215 | Lair:5   | Slain by a black mamba

Illustrated notes

Levels and vault maps discovered:
D:1:      lightli_arrival_quake, layout_rooms,
          hellmonk_ecumenical_altar_crossroads, minmay_misc_feat_more_columns
D:2:      layout_loops_cross, serial_shops, nicolae_shop_stone,
          chequers_serial_rivers_small_b, minivault_14
D:3:      layout_basic, nicolae_sif_muna_little_library,
          kiku_gazebo_pond_becter, lemuel_coloured_pillars_altar
D:4:      layout_basic, minmay_goblin_kobold_house
D:5:      layout_rooms, zin_purify
D:6:      layout_rooms, minmay_misc_feat_ornament, due_unseen_surprise
D:7:      layout_cave_pools, nicolae_qazlal_scattered_showers,
          grunt_gozag_breadcrumbs, mainiacjoe_overflow_tiny_flanked,
          lemuel_temple_firewalk_b, hangedman_feature_mirror
D:8:      layout_basic, grunt_lair_entry_orc_guard_hut, grunt_ministairs_9
D:9:      layout_basic, kennysheep_okawaru_gauntlet,
          gammafunk_ghost_wrathful_warriors, uniq_harold, uniq_maggie
D:10:     layout_roguey, mainiacjoe_overflow_big_doors, minmay_misc_feat_rows,
          uniq_fannar, uniq_grum
D:11:     layout_roguey, orc_0_dummy, serial_co_window_serial,
          co_window_paths_b, co_window_corner_a, co_window_paths_a,
          co_window_paths_a, co_window_paths_b, co_window_corner_a,
          co_window_cross_1, co_window_corner_cb, co_window_unsneaky_path_a,
          co_window_paths_c, glass_columns_a, glass_columns_b
Temple:   nicolae_temple_hex_pool
Lair:1:   layout_regular_city, serial_rivers, chequers_serial_rivers_small_a,
          chequers_serial_rivers_large_b, chequers_serial_rivers_micro_b,
          chequers_serial_rivers_small_b, lemuel_fruit_fields
Lair:2:   layout_misc_corridors, minmay_swamp_entry_worms, serial_bayou_ford_a,
          st_stairs_13, serial_bayou_shore_b
Lair:3:   mu_elephants_graveyard, layout_misc_corridors, basic_altar,
          grunt_megastairs_3
Lair:4:   layout_hall_layers, spider_nest_entry_funnel_web, st_stairs_9,
          hangedman_lair_generics_rect
Lair:5:   layout_regular_city, slime_altar_1
Lair:6:   due_jungle_book, layout_long_grid, serial_rivers,
          chequers_serial_rivers_micro_e, chequers_serial_rivers_micro_a,
          chequers_serial_rivers_micro_d, chequers_serial_rivers_micro_c,
          chequers_serial_rivers_micro_d, chequers_serial_rivers_micro_c,
          lemuel_oklob_altar, grunt_megastairs_2

Skill      XL: |  1  2  3  4  5  6  7  8  9 10 11 12 13 14 |
---------------+-------------------------------------------+-----
Earth Magic    | 4 5 6 7 8 9 11 12 13 14 | 14.7
Spellcasting   | 3 4 5 6 7 8 9 10 11 | 11.6
Conjurations   | 1 3 4 6 8 9 11 12 | 12.5
Necromancy     | 1 2 3 4 6 7 8 9 10 | 10.0
Fighting       | 2 3 |  3.9
Dodging        | |  1.5
Stealth        | |  2.1
Transmutations | |  0.7

Action                   |  1- 3 |  4- 6 |  7- 9 | 10-12 | 13-15 || total
-------------------------+-------+-------+-------+-------+-------++-------
Melee: Short sword       |     6 |    10 |       |       |       ||    16
       Staff             |       |    11 |     3 |     2 |       ||    16
       Dagger            |       |     7 |       |       |       ||     7
 Cast: Sandblast         |    44 |    36 |    15 |     3 |       ||    98
       Stone Arrow       |       |    15 |    68 |   199 |   171 ||   453
       Foxfire           |       |       |    39 |    35 |    14 ||    88
       Pain              |       |       |     4 |       |       ||     4
       Corpse Rot        |       |       |     2 |       |     1 ||     3
       Animate Dead      |       |       |     1 |     1 |     4 ||     6
       Static Discharge  |       |       |       |     8 |       ||     8
  Use: Scroll            |       |       |     4 |     9 |     2 ||    15
Armor: Robe              |     3 |    24 |    12 |    10 |       ||    49
       Steam dragon scal |       |       |       |     1 |       ||     1
       Acid dragon scale |       |       |       |    14 |       ||    14
       Troll leather arm |       |       |       |    33 |    79 ||   112
Dodge: Dodged            |    12 |    21 |    25 |    36 |    63 ||   157
Block: Buckler           |       |       |       |     3 |    12 ||    15

Table legend: (Time is in decaauts)
 A = Elapsed time spent in this place.
 B = Non-inter-level travel time spent in this place.
 C = Inter-level travel time spent in this place.
 D = Time resting spent in this place.
 E = Time spent auto-exploring this place.
 F = Levels seen in this place.
 G = Mean time per level.
                   A        B        C        D        E       F      G
               +--------+--------+--------+--------+--------+-----+--------+
         Total |  17273 |  16569 |    704 |    166 |  13925 |  18 |  959.6 |
       Dungeon |  11577 |  11085 |    492 |    166 |   9341 |  11 | 1052.5 |
        Temple |     93 |     93 |      0 |      0 |     71 |   1 |   93.0 |
          Lair |   5601 |   5389 |    212 |      0 |   4513 |   6 |  933.5 |
               +--------+--------+--------+--------+--------+-----+--------+

Top non-repeatable levels by time:
     D:8: 1512 daAuts
     D:4: 1483 daAuts
  Lair:1: 1366 daAuts
  Lair:3: 1300 daAuts
    D:11: 1275 daAuts
    D:10: 1171 daAuts
  Lair:2: 1132 daAuts
     D:5: 1127 daAuts
     D:6: 1124 daAuts
     D:2: 947 daAuts
  Lair:5: 896 daAuts
     D:3: 854 daAuts
     D:9: 850 daAuts
  Lair:4: 845 daAuts
     D:7: 691 daAuts
